 Dungeon Crawl Stone Soup version 0.27-b1-2-g8387495791 (webtiles) character file.

Game seed: 14207483091808318284

3141 ZARRMARR the Cleaver (level 9, -5/79 HPs)
             Began as a Hill Orc Fighter on July 26, 2021.
             Was a Believer of Beogh.
             Killed from afar by Joseph (10 damage)
             ... with a puff of flame
             ... on level 7 of the Dungeon.
             The game lasted 01:05:43 (10394 turns).

ZARRMARR the Cleaver (Hill Orc Fighter)            Turns: 10394, Time: 01:05:44

Health: -5/79      AC: 12    Str: 22    XL:     9   Next: 93%
Magic:  9/9        EV:  9    Int:  8    God:    Beogh [**....]
Gold:   281        SH:  0    Dex: 10    Spells: 8/8 levels left

rFire    . . .     SeeInvis .   p - +4 battleaxe (flame)
rCold    + . .     Faith    .   (shield currently unavailable)
rNeg     . . .     Spirit   .   l - +0 chain mail
rPois    +         Reflect  .   (no helmet)
rElec    .         Harm     .   (no cloak)
rCorr    .         Rampage  .   s - +1 pair of gloves
Will     .....                  (no boots)
Stlth    ..........             (no amulet)
HPRegen  0.23/turn              f - ring of protection from cold
MPRegen  0.11/turn              m - ring of poison resistance

@: no status effects
A: no striking features
a: Renounce Religion, Smiting


You were on level 7 of the Dungeon.
You worshipped Beogh.
Beogh was pleased with you.
You visited 1 branch of the dungeon, and saw 7 of its levels.
You also visited: Sewer.

You collected 281 gold pieces.

Inventory:

Hand Weapons
 a - a +3 morningstar
 h - a +1 mace of draining
 p - a +4 battleaxe of flaming (weapon)
 y - a +4 spear
 z - a +4 war axe
 E - a +0 short sword of venom
 F - a +3 quarterstaff of chaos
 H - a +1 mace of protection
 I - a +0 mace of venom
Missiles
 i - 219 stones
 j - 23 poisoned darts (quivered)
 w - 10 atropa-tipped darts
 B - 9 boomerangs
 D - a curare-tipped dart
 J - 2 throwing nets
Armour
 c - a +0 kite shield
 l - a +0 chain mail (worn)
 s - a +1 pair of gloves (worn)
Magical Staves
 A - a staff of death
Jewellery
 f - a ring of protection from cold (left hand)
 m - a ring of poison resistance (right hand)
Wands
 v - a wand of iceblast (17)
Scrolls
 b - a scroll of blinking {unknown}
 e - 3 scrolls of noise
 k - 2 scrolls of holy word
 t - a scroll of teleportation
 u - a scroll of immolation
 x - 3 scrolls of magic mapping
 K - a scroll of identify
Potions
 d - a potion of magic {unknown}
 g - a potion of mutation {unknown}
 n - a potion of haste {unknown}
 o - 2 potions of invisibility {unknown}
 q - a potion of flight
 r - a potion of curing
 C - a potion of brilliance {unknown}
 G - a potion of berserk rage {unknown}


   Skills:
 + Level 7.3 Fighting
 + Level 10.3 Axes
 + Level 4.8 Throwing
 + Level 7.2 Armour
 + Level 2.9 Dodging
 + Level 1.2 Stealth
 + Level 5.3 Shields


You had 8 spell levels left.
You didn't know any spells.
Your spell library contained the following spells:

 Spells                   Type           Power      Damage    Failure   Level
 Magic Dart               Conj           0%         1d3       97%         1
 Call Imp                 Summ           0%         N/A       99%         2
 Searing Ray              Conj           0%         3d3       99%         2
 Mephitic Cloud           Conj/Pois/Air  0%         N/A       100%        3
 Summon Guardian Golem    Hex/Summ       0%         N/A       100%        3
 Fulminant Prism          Conj/Hex       0%         3d6       100%        4
 Freezing Cloud           Conj/Ice/Air   0%         6-21      100%        5
 Simulacrum               Ice/Necr       0%         N/A       100%        6
 Orb of Destruction       Conj           0%         N/A       100%        7
 Spellforged Servitor     Conj/Summ      0%         N/A       100%        7
 Polar Vortex             Ice            0%         N/A       100%        9


Dungeon Overview and Level Annotations

Branches:
Dungeon (7/15)             Temple (0/1) D:4           Sewer (visited)

Altars:
Dithmenos
Makhleb
Ru
Trog
Uskayaw
Xom
Yredelemnul

Shops:
D:2 =   D:7 =

Annotations:
D:7 Joseph


Message History

Joseph wields a +0 quarterstaff.
Joseph hits you with a +0 quarterstaff!
You hit Joseph. You burn Joseph.
Joseph is lightly wounded.
Joseph hits you but does no damage.
You barely miss Joseph.
Joseph is lightly wounded.
Joseph completely misses you.
You closely miss Joseph.
Joseph is lightly wounded.
Joseph zaps a wand.
The puff of flame hits you.
You barely miss Joseph.
Joseph is lightly wounded.
Joseph closely misses you. Joseph hits you but does no damage.
You closely miss Joseph.
Joseph is lightly wounded.
Joseph zaps a wand.
The puff of flame hits you.
You hit Joseph. You burn Joseph.
Joseph is moderately wounded.
Joseph hits you with a +0 quarterstaff!
You completely miss Joseph.
Joseph is moderately wounded.
Joseph hits you with a +0 quarterstaff.
* * * LOW HITPOINT WARNING * * *
You closely miss Joseph.
Joseph is moderately wounded.
Joseph hits you but does no damage.
You barely miss Joseph.
Joseph is moderately wounded.
Joseph smiles happily.
Joseph zaps a wand.
The puff of flame misses you.
You closely miss Joseph.
Joseph is lightly wounded.
Joseph hits you with a +0 quarterstaff!
* * * LOW HITPOINT WARNING * * *
You hit Joseph. You burn Joseph.
Joseph is moderately wounded.
Joseph zaps a wand.
The puff of flame hits you.
* * * LOW HITPOINT WARNING * * *
Joseph zaps a wand.
The puff of flame hits you!
You die...

### ..##
#.# .#.#
#.# #..#
#.# ...#
#######.#
...#
....$...#
...#
....$...#
#..#
......@.#
.#.#
.......@#
..##
.[......#
###
#######.#
..## #.#
.#.#
######.#
#..#
#......#
...#
#.######
...# #.#
#### #.#


You could see Joseph.

Vanquished Creatures
  Harold (D:7)
  A water moccasin (D:5)
  An orc warrior (D:6)
  An ice beast (D:6)
  2 black bears
  2 ogres
  2 phantoms
  2 kobold brigands
  A wyvern zombie (D:7)
  A bullfrog (D:6)
  4 scorpions
  2 water moccasin zombies
  A water moccasin skeleton (D:6)
  4 wights (D:6)
  A centaur zombie (D:5)
  A hound (D:6)
  A jelly (D:6)
  Crazy Yiuf (D:7)
  6 orc priests
  A centaur skeleton (D:6)
  2 iguanas
  9 orc wizards
  3 hound skeletons
  A howler monkey zombie (D:6)
  4 adders
  A river rat (Sewer)
  A shadow imp (D:7)
  2 white imps
  4 ufetubi
  A worm (D:3)
  2 dart slugs
  27 orcs
  8 ball pythons
  3 endoplasms
  4 giant cockroaches
  6 goblins
  2 hobgoblins (D:1)
  5 jackals
  16 kobolds
  8 quokkas
  3 bats (D:1)
  A frilled lizard (D:1)
  12 rats
161 creatures vanquished.

Vanquished Creatures (others)
  An orc wizard (D:6)
1 creature vanquished.

Grand Total: 162 creatures vanquished

Notes
Turn   | Place    | Note
-------+----------+-------------------------------------------
     0 | D:1      | ZARRMARR the Hill Orc Fighter began the quest for the Orb.
     0 | D:1      | Reached XP level 1. HP: 19/19 MP: 1/1
   300 | D:1      | Reached XP level 2. HP: 19/27 MP: 2/2
   758 | D:1      | Reached skill level 3 in Axes
  1044 | D:1      | Reached XP level 3. HP: 33/33 MP: 3/3
  1527 | D:2      | Found Cafeen's Jewellery Boutique.
  2418 | D:2      | Reached XP level 4. HP: 40/40 MP: 4/4
  2527 | D:2      | Found a faded altar of an unknown god.
  2591 | D:2      | Reached skill level 4 in Axes
  2885 | D:3      | Found a basalt altar of Yredelemnul.
  2892 | D:3      | Found a bloodstained altar of Trog.
  3128 | D:3      | Found a glowing drain.
  3155 | Sewer    | Entered a sewer
  3288 | Sewer    | Reached XP level 5. HP: 46/46 MP: 5/5
  3289 | Sewer    | Noticed a kobold brigand
  3302 | Sewer    | Killed a kobold brigand
  3303 | Sewer    | Reached skill level 5 in Axes
  3303 | Sewer    | Reached skill level 1 in Throwing
  3358 | Sewer    | Found a glowing silver altar of Zin.
  3640 | D:3      | Found a hide-covered altar of Uskayaw.
  3642 | D:3      | Found a shimmering altar of Xom.
  3642 | D:3      | Found a burning altar of Makhleb.
  3643 | D:3      | Found a sacrificial altar of Ru.
  3654 | D:3      | Became a worshipper of Ru the Awakened
  3682 | D:3      | Reached XP level 6. HP: 23/53 MP: 6/6
  3687 | D:3      | Fell from the grace of Ru
  3687 | D:3      | Became a worshipper of Beogh the Brigand
  4277 | D:4      | Found a staircase to the Ecumenical Temple.
  4366 | D:4      | Found a shadowy altar of Dithmenos.
  4406 | D:4      | Reached skill level 6 in Axes
  4598 | D:4      | Reached skill level 1 in Dodging
  4959 | D:5      | Entered Level 5 of the Dungeon
  4991 | D:5      | Reached XP level 7. HP: 37/60 MP: 7/7
  5554 | D:5      | Reached skill level 5 in Fighting
  5554 | D:5      | Reached skill level 5 in Armour
  5799 | D:5      | Reached skill level 7 in Axes
  5985 | D:5      | Reached XP level 8. HP: 56/68 MP: 8/8
  6995 | D:6      | Reached skill level 8 in Axes
  6995 | D:6      | Reached skill level 5 in Shields
  7018 | D:6      | Reached * piety under Beogh
  7391 | D:6      | Reached XP level 9. HP: 58/75 MP: 9/9
  7862 | D:6      | Reached skill level 9 in Axes
  9289 | D:6      | Reached ** piety under Beogh
  9468 | D:7      | Found Botein's Jewellery Shoppe.
  9702 | D:7      | Found a runed translucent door.
  9703 | D:7      | Noticed Crazy Yiuf
  9710 | D:7      | Killed Crazy Yiuf
  9912 | D:7      | Noticed Harold
  9939 | D:7      | Killed Harold
  9940 | D:7      | Reached skill level 10 in Axes
  9940 | D:7      | Reached skill level 1 in Stealth
 10376 | D:7      | Noticed Joseph
 10394 | D:7      | Killed from afar by Joseph

Illustrated notes

Levels and vault maps discovered:
D:1:      lightli_arrival_statuegarden, layout_loops_ring
D:2:      layout_basic, serial_shops, shop, shapermc_ecumenical_altar_pompeii,
          feat_on_display
D:3:      layout_loops_ring, chequers_temple_overflow_statue_of_worship,
          grunt_temple_overflow_open, gup_sewer_entry_bubbles
D:4:      layout_basic, nicolae_dithmenos_through_a_glass_darkly,
          minmay_temple_entry_ruins, chequers_arboretum
D:5:      layout_cave_pods, chequers_serial_rivers_room_b
D:6:      layout_basic
D:7:      layout_basic, serial_curves, eino_curves_04, eino_curves_02,
          serial_shops, shop, hangedman_decor_diamond_cutter, uniq_joseph,
          uniq_harold, uniq_crazy_yiuf_cottage

Skill      XL: |  1  2  3  4  5  6  7  8  9 |
---------------+----------------------------+-----
Fighting       | 4 5 6 7 |  7.3
Axes           | 3 4 5 6 7 8 10 | 10.3
Throwing       | 1 2 3 4 |  4.8
Armour         | 4 5 6 7 |  7.2
Shields        | 4 5 |  5.3
Dodging        | 1 2 |  2.9
Stealth        | 1 |  1.2

Action                   |  1- 3 |  4- 6 |  7- 9 || total
-------------------------+-------+-------+-------++-------
Melee: War axe           |   118 |   151 |   159 ||   428
       Battleaxe         |       |       |    90 ||    90
Throw: Dart              |    36 |    59 |    89 ||   184
Invok: Convert to Beogh  |       |     1 |       ||     1
  Use: Scroll            |     2 |     2 |     9 ||    13
       Potion            |       |     1 |     3 ||     4
Armor: Scale mail        |    56 |    66 |    90 ||   212
       Chain mail        |       |       |    14 ||    14
Dodge: Dodged            |    35 |    43 |   104 ||   182
Block: Kite shield       |    55 |    66 |    78 ||   199
